Map: Prion Terraces

Players

Miszu - Winner!

  • Race: Terran Terran
  • League: Master

headd

  • Race: Zerg Zerg
  • League: Platinum

VOD

Have the link to the VOD?

Description

Time

  • Played on: March 11, 2016, 12:55 p.m.
  • Length: 7:42
Show
View Real Time Build Order
Export as new Build Order

Miszu Terran - Winner!

Build Orders: MMM Bio 

Get SALT Encoding   

  12  0:01  SCV  
  13  0:13  SCV  
  14  0:19  Supply Depot  
  14  0:25  SCV  
  15  0:40  SCV  
  15  0:41  Barracks  
  16  0:44  Refinery  
  16  0:52  SCV  
  17  0:59  Barracks  
  17  1:04  SCV  
  18  1:16  SCV  
  19  1:23  Barracks  
  19  1:32  Reaper  
  20  1:36  Refinery  
  20  1:43  Orbital Command  
  20  1:46  Reaper  
  21  1:55  Supply Depot  
  21  2:06  Reaper  
  22  2:10  SCV  
  23  2:16  Reaper  
  23  2:20  Supply Depot  
  23  2:21  Reaper  
  25  2:31  SCV  
  26  2:39  Reaper  
  26  2:43  SCV  
  28  2:49  Reaper  
  29  2:55  SCV  
  30  3:14  Reaper x2, SCV  
  33  3:20  Supply Depot, Command Center  
  33  3:21  Reaper  
  34  3:38  SCV  
  35  3:46  Reaper x2  
  37  3:51  SCV  
  37  3:55  Reaper  
  37  4:01  Command Center  
  37  4:03  SCV  
  38  4:14  Factory  
  38  4:15  SCV  
  37  4:34  SCV  
  37  4:35  Barracks Tech Lab  
  37  4:36  Barracks Reactor, Barracks Tech Lab  
  38  4:40  Orbital Command  
  37  4:46  SCV  
  38  4:57  Marine x2  
  38  4:58  SCV  
  41  5:00  Factory Reactor  
  41  5:01  Starport  
  41  5:04  Stimpack  
  41  5:10  SCV  
  41  5:13  Marine  
  43  5:19  Marine x2  
  43  5:21  Marine  
  46  5:22  SCV x2  
  46  5:24  Orbital Command  
  46  5:28  Combat Shields  
  48  5:31  Marine  
  48  5:32  Refinery  
  48  5:34  SCV x2  
  48  5:35  Refinery  
  50  5:43  Marine  
  50  5:44  Marine x2  
  50  5:46  SCV  
  50  5:47  SCV  
  50  5:49  Marine  
  56  5:50  Orbital Command  
  56  5:51  Supply Depot  
  56  5:56  Factory Reactor  
  56  5:57  Medivac  
  56  6:01  Marine x2  
  59  6:08  Marine x2  
  59  6:11  Barracks  
  61  6:12  Barracks, SCV x2  
  61  6:17  Supply Depot  
  63  6:21  Marine x2  
  63  6:23  SCV  
  63  6:24  Supply Depot, SCV  
  67  6:26  Marine x2, Medivac  
  67  6:30  Medivac  
  67  6:32  SCV  
  74  6:35  SCV  
  74  6:36  SCV  
  74  6:39  Marine x2  
  78  6:43  Marine  
  78  6:44  Marine  
  78  6:46  SCV  
  85  6:47  SCV  
  85  6:54  Supply Depot  
  81  6:55  Supply Depot  
  81  6:56  Marine  
  81  6:58  SCV x2  
  81  6:59  SCV  
  85  7:01  Marine  
  85  7:02  Barracks Reactor, Marauder  
  85  7:03  Barracks Reactor  
  85  7:08  Engineering Bay x2  
  88  7:10  SCV x2  
  88  7:11  SCV  
  88  7:12  Marine  
  88  7:14  Marine  
  97  7:19  Marine  
  97  7:22  SCV  
  99  7:23  SCV x2  
Show
View Real Time Build Order
Export as new Build Order

headd Zerg 

Build Orders: Hatch First 

Get SALT Encoding   

  12  0:01  Drone  
  13  0:12  Overlord  
  13  0:19  Drone  
  14  0:30  Drone  
  14  0:31  Drone  
  16  0:41  Drone  
  17  0:54  Hatchery  
  16  1:00  Drone x2  
  18  1:13  Spawning Pool  
  18  1:18  Drone  
  18  1:30  Drone  
  19  1:35  Overlord  
  19  1:41  Drone  
  19  1:44  Extractor  
  19  2:00  Queen  
  22  2:01  Zergling x4  
  22  2:06  Queen  
  22  2:08  Zergling x2  
  26  2:12  Zergling x2  
  27  2:39  Drone x3  
  27  2:40  Drone x2  
  27  2:44  Roach Warren  
  31  2:48  Zergling x2  
  31  2:58  Zergling x2  
  30  3:08  Spine Crawler  
  30  3:10  Zergling x4  
  29  3:13  Metabolic Boost  
  29  3:23  Roach  
  29  3:24  Roach x2  
  30  3:39  Roach  
  30  3:40  Zergling x4  
  30  3:41  Zergling x6  
  28  3:58  Roach  
  28  3:59  Zergling x4  
  28  4:02  Drone x2  
  34  4:07  Spine Crawler  
  33  4:12  Drone  
  31  4:28  Roach  
  31  4:35  Zergling x4  
  29  4:49  Drone x3  
  31  5:13  Roach x2  
  32  5:20  Drone x2  
  32  5:26  Roach  
  32  5:41  Ravager  
  31  5:47  Ravager  
  31  5:48  Roach x2  
  31  5:49  Zergling x2  
  36  5:52  Overlord x2  
  36  6:13  Drone x4  
  36  6:14  Drone x3  
  43  6:21  Spore Crawler  
  43  6:25  Spore Crawler  
  38  6:49  Drone x5  
  38  6:51  Extractor  
  42  7:10  Drone  
  42  7:11  Drone x2  
  42  7:12  Overlord  
  45  7:16  Drone x3  
  45  7:17  Drone x3  
  51  7:23  Extractor  
  51  7:24  Extractor  
Tags
 
Add a new tag
Caveats
  • Supply blocks, unpowered buildings, or Contaminate may cause inaccurate times.
  • Supply counts are checked every 10 seconds.